AoeStats
← Der Sprudel

Arabia

508604664Analyzed
1v1 RM · 9d ago on Sep 23, 2026· 50m 44s· 2 players
Game mode
Random Map
Map size
Tiny (2 player)
Population
200
Speed
Normal
Resources
Standard
Victory
Conquest
Starting age
Dark Age
Ending age
Imperial Age
RankedLock teamsTeams togetherTeam positionsShared explorationLock speedFull tech treeHidden civsTurbo modeCheats
Victory
Defeat
🇦🇺 Varangians · Australia
1216
+17
🇩🇪 Saxons · Germany
1235
-17
BinG
9:33 Feudal Age
10:15 Loom
12:01 Bloodlines
24:37 Castle Age
23:53 Stone Mining
24:29 Forging
25:21 Scale Mail Armor
25:28 Man-at-Arms
29:24 Fletching
34:03 Scale Barding Armor
34:59 Husbandry
44:23 Imperial Age
42:41 Wheelbarrow
43:26 Iron Casting
42:57 Double-Bit Axe
44:40 Gold Mining
46:07 Elite Jarl
Der Sprudel
6:22 Loom
9:21 Feudal Age
10:18 Double-Bit Axe
10:36 Man-at-Arms
13:25 Horse Collar
23:39 Castle Age
21:56 Arson
22:15 Scale Mail Armor
23:52 Fletching
24:42 Chain Mail Armor
25:40 Bow Saw
25:25 Gold Mining
26:19 Forging
28:33 Town Watch
29:13 Elite Skirmisher
31:22 Wheelbarrow
33:23 Ballistics
33:34 Padded Archer Armor
34:09 Bodkin Arrow
35:35 Iron Casting
36:45 Squires
36:31 Gambesons
37:45 Hand Cart
38:58 Thumb Ring
41:25 Treadmill Crane
45:51 Imperial Age
48:02 Masonry
47:18 Elite Varangian Guard
48:33 Plate Mail Armor
50:19 Two-Man Saw
Connection lost

Rejoining the realm…

Still unreachable

The connection could not be restored.

Session expired

The server has moved on; the page needs a fresh start.